 Dungeon Crawl Stone Soup version 0.32-a0-975-g85d4e5bfdb (webtiles) character file.

Game seed: 2376223617158621082

219 Dazliare the Cutter (level 5, 0/42 HPs)
             Began as a Coglin Chaos Knight on Apr 18, 2024.
             Was a Plaything of Xom.
             Slain by an ufetubus (2 damage)
             ... summoned by Xom
             ... on level 4 of the Dungeon.
             The game lasted 00:06:10 (2352 turns).

Dazliare the Cutter (Coglin Chaos Knight)           Turns: 2352, Time: 00:06:10

Health: 0/42       AC:  6    Str: 12    XL:     5   Next: 96%
Magic:  5/5        EV: 10    Int: 12    God:    Xom [...*..]
Gold:   42         SH:  0    Dex: 15    Spells: 4/4 levels left

rFire   + . .        q - +3 short sword {Rubén}
rCold   + . .        r - +0 rapier (drain) {Renate}
rNeg    . . .        b - +2 leather armour
rPois   +            (no helmet)
rElec   +            (no cloak)
rCorr   +            (no gloves)
SInv    .            e - +0 pair of boots
Will    .....        (amulet unavailable)
Stlth   +            (ring unavailable)
HPRegen 0.27/turn    (ring unavailable)
MPRegen 0.09/turn    (no gizmo)

%: no passive effects
@: resistant, revved
A: off-hand wielding, slow wielding, warmup strikes, no jewellery
a: Invent Gizmo, Renounce Religion


You were on level 4 of the Dungeon.
You worshipped Xom.
You were a favourite toy of Xom.
You visited 1 branch of the dungeon, and saw 4 of its levels.

You collected 203 gold pieces.
You spent 161 gold pieces at shops.

Inventory:

Hand Weapons
 a - a +0 short sword of chaos {Centenhua}
 q - a +3 short sword (weapon) {Rubén}
 r - a +0 rapier of draining (offhand) {Renate}
Armour
 b - a +2 leather armour (worn)
 e - a +0 pair of boots (worn)
Scrolls
 c - a scroll of butterflies
 d - 2 scrolls of poison {unknown}
 i - a scroll of teleportation {unknown}
 j - a scroll of fear {unknown}
 k - a scroll of immolation
 l - 2 scrolls of identify {unknown}
 m - a scroll of enchant weapon {unknown}
 p - a scroll of vulnerability {unknown}
Potions
 f - a potion of heal wounds {unknown}
 g - a potion of attraction {unknown}
 h - a potion of resistance {unknown}
 n - a potion of curing {@q1}


   Skills:
 + Level 3.8 Fighting
 * Level 5.4 Short Blades
 - Level 1.7 Armour
 - Level 0.8 Dodging


You had 4 spell levels left.
You didn't know any spells.
Your spell library contained the following spells:

 Spells                   Type           Power      Damage    Failure   Level
 Summon Blazeheart Golem  Fire/Summ      0%         N/A       99%         4
 Orb of Destruction       Conj           0%         9d5       100%        7
 Spellforged Servitor     Conj/Summ      0%         N/A       100%        7
 Chain Lightning          Conj/Air       0%         N/A       100%        9
 Fire Storm               Conj/Fire      0%         5d1       100%        9
 Shatter                  Erth           0%         3d5*      100%        9


Dungeon Overview and Level Annotations

Branches:
Dungeon (4/15)
 Temple: D:4-7

Altars:

Shops:
D:3 :(


Innate Abilities, Weirdness & Mutations

You can wield a second weapon in your off-hand.
It takes a long time for you to wield or remove held weapons.
Your first few attacks do less damage.
You cannot equip rings or amulets.


Message History

You closely miss the quasit with your +0 rapier of draining.
The quasit bites you. The quasit barely misses you. x2
You miss the quasit with your +3 short sword.
The quasit is severely wounded.
You hit the quasit with your +0 rapier of draining.
You kill the quasit!
The quasit disappears in a puff of smoke!
Okay, then.
It was a potion of curing.
You feel better.
Xom thinks this is hilarious!
The ufetubus slips past you! The ufetubus closely misses you.
The ufetubus hits you but does no damage.
The ufetubus hits you. x2
The ufetubus attacks as it pursues you! The ufetubus closely misses you.
The ufetubus hits you but does no damage.
The ogre closely misses you.
You hit the ogre with your +3 short sword.
The ogre is moderately wounded.
You hit the ogre with your +0 rapier of draining.
The ufetubus barely misses you.
The ufetubus hits you but does no damage.
You hit the ogre with your +3 short sword.
The ogre is heavily wounded.
You hit the ogre with your +0 rapier of draining.
The ufetubus hits you. x2
The ogre hits you with a +0 giant spiked club!
* * * LOW HITPOINT WARNING * * *
You puncture the ogre with your +0 rapier of draining!
You drain the ogre.
You kill the ogre!
The ufetubus closely misses you. The ufetubus hits you.
* * * LOW HITPOINT WARNING * * *
The ufetubus misses you. The ufetubus barely misses you.
You miss the ufetubus with your +3 short sword.
You miss the ufetubus with your +0 rapier of draining.
The ufetubus hits you.
* * * LOW HITPOINT WARNING * * *
The ufetubus hits you.
You die... "I guess I need a new plaything now."

######...##..######.
#######.#####..# ###.
#........##..### #..#
#.#.......#..### ##..#
##.#.######.....###....
#>...# #.....##..... #..###
#.......##... #. ###
#..########.......##... #.
##.####....5@)....##..######.
#.##.........######.###..#
###. #.#.....##.#.# #.#..###
#..# #........#.#.# #.#..###
##..# #..<.........#
#......###)... ##.......#.###
##....[##..... ##.....##.#
##......##... #)...###.#
#......##... #....# #.#
###..######.


You could see an ufetubus (summoned).

Vanquished Creatures
  An ogre (D:4)
  A scorpion (D:4)
  2 adders
  2 dart slugs
  4 orcs
  8 ball pythons
  4 bats
  6 endoplasms
  3 goblins
  4 hobgoblins
  4 jackals (D:1)
  4 quokkas (D:2)
  A frilled lizard (D:2)
  3 kobolds
  4 rats
51 creatures vanquished.

Notes
Turn   | Place    | Note
-------+----------+-------------------------------------------
     0 | D:1      | Dazliare the Coglin Chaos Knight began the quest for the
                  | Orb.
     0 | D:1      | Reached XP level 1. HP: 18/18 MP: 1/1
    90 | D:1      | Reached skill level 3 in Short Blades
   180 | D:1      | Reached XP level 2. HP: 24/24 MP: 2/2
   457 | D:1      | XOM: silly message
   625 | D:2      | Reached XP level 3. HP: 22/29 MP: 3/3
   977 | D:2      | Reached skill level 4 in Short Blades
  1048 | D:2      | Found a faded altar of an unknown god.
  1162 | D:2      | XOM: stat loss: -1 Int (10/11)
  1520 | D:3      | XOM: 1-stop teleportation journey
  1528 | D:3      | Found Fougib's Antique Weapon Shoppe.
  1613 | D:3      | Reached XP level 4. HP: 35/35 MP: 4/4
  1658 | D:3      | Found Wyn Ucyf's Book Shop.
  1768 | D:3      | Bought a glowing rapier for 161 gold pieces
  2094 | D:4      | Noticed a scorpion
  2100 | D:4      | Killed a scorpion
  2101 | D:4      | Reached XP level 5. HP: 30/41 MP: 5/5
  2261 | D:4      | Reached skill level 5 in Short Blades
  2288 | D:4      | Noticed an ogre
  2291 | D:4      | XOM: butterfly on damage
  2328 | D:4      | XOM: enchant monster (bad)
  2335 | D:4      | XOM: summons 3 hostile demons
  2351 | D:4      | Killed an ogre
  2352 | D:4      | HP: 2/42 [ufetubus[Xom] (3)]
  2352 | D:4      | Slain by an ufetubus

Illustrated notes

Levels and vault maps discovered:
D:1:      spicycebolla_arrival_risky_transporter, layout_basic
D:2:      layout_basic, basic_ecumenical_altar, kennysheep_nondescript
D:3:      layout_basic, serial_shops, nicolae_shop_crystal, shop
D:4:      layout_loops_ring, mainiacjoe_overflow_24_doors,
          nicolae_houndstooth_variations, uniq_robin

Skill      XL: |  1  2  3  4  5 |
---------------+----------------+-----
Short Blades   | 3 4 5 |  5.4
Fighting       | |  3.8
Armour         | |  1.7
Dodging        | |  0.8

Action                     |  1- 3 |  4- 6 || total
---------------------------+-------+-------++-------
  Melee: Short sword       |    70 |    33 ||   103
         Dagger            |    32 |       ||    32
         Whip              |    41 |     4 ||    45
         Rapier            |       |    32 ||    32
    Use: Scroll            |     1 |       ||     1
         Potion            |       |     1 ||     1
   Stab: Sleeping          |     3 |       ||     3
         Distracted        |     1 |       ||     1
 Armour: Leather armour    |    59 |    36 ||    95
  Dodge: Dodged            |    48 |    24 ||    72

Table legend: (Time is in decaauts)
 A = Elapsed time spent in this place.
 B = Non-inter-level travel time spent in this place.
 C = Inter-level travel time spent in this place.
 D = Time resting spent in this place.
 E = Time spent auto-exploring this place.
 F = Levels seen in this place.
 G = Mean time per level.
                   A        B        C        D        E       F      G
               +--------+--------+--------+--------+--------+-----+--------+
         Total |   2339 |   2200 |    139 |    103 |   1624 |   4 |  584.8 |
       Dungeon |   2339 |   2200 |    139 |    103 |   1624 |   4 |  584.8 |
               +--------+--------+--------+--------+--------+-----+--------+

Top non-repeatable levels by time:
     D:2: 883 daAuts
     D:3: 608 daAuts
     D:1: 556 daAuts
     D:4: 291 daAuts
